AoeStats
← AOKI_GworK

Nomad

510172192Analyzed
4v4 RM · 2d ago on Sep 29, 2026· 39m 25s· 8 players
Game mode
Random Map
Map size
231×231
Population
200
Speed
Normal
Resources
Standard
Victory
Conquest
Starting age
Dark Age
Ending age
Imperial Age
RankedLock teamsTeams togetherTeam positionsShared explorationLock speedFull tech treeHidden civsTurbo modeCheats
Victory
Defeat
🇫🇷 Maya · France
1848
+12
🇫🇷 Byzantines · France
1837
+13
🇫🇷 Bulgarians · France
1752
+16
🇫🇷 Franks · France
1722
+18
🇦🇺 Slavs · Australia
1908
-20
🇲🇽 Tatars · Mexico
1780
-16
🇨🇳 Burmese · China
1685
-12
🇧🇴 Britons · Bolivia
1677
-11
Vx | 25 BoomiN
5:46 Loom
12:37 Feudal Age
16:41 Castle Age
15:25 Fletching
15:43 Double-Bit Axe
17:33 Bodkin Arrow
18:21 Padded Archer Armor
18:50 Bow Saw
23:27 Husbandry
27:51 Ballistics
29:45 Leather Archer Armor
31:28 Wheelbarrow
31:16 Bloodlines
35:01 Imperial Age
32:32 Horse Collar
33:13 Gold Mining
34:04 Scale Barding Armor
34:10 Forging
36:49 Chemistry
35:52 Bracer
37:13 Gold Shaft Mining
[ECU] Pendeck's
5:32 Loom
12:01 Feudal Age
15:04 Fletching
15:29 Horse Collar
18:28 Padded Archer Armor
24:59 Castle Age
26:59 Crossbowman
30:13 Bodkin Arrow
33:34 Double-Bit Axe
35:00 Wheelbarrow
34:17 Gold Mining
35:15 Ballistics
35:40 Leather Archer Armor
36:49 Bow Saw
36:40 Heavy Plow
Envetel
12:33 Feudal Age
12:02 Loom
13:24 Fishing Lines
13:38 Town Watch
16:46 Wheelbarrow
20:12 Castle Age
18:30 Stone Mining
19:07 Gold Mining
21:23 Padded Archer Armor
21:15 Gillnets
22:04 Medium Warships
25:06 Gold Shaft Mining
26:28 Ballistics
26:48 Horse Collar
31:45 Sanctity
32:16 Fletching
33:12 Bodkin Arrow
37:34 Imperial Age
35:42 Husbandry
36:52 Bloodlines
0653599
13:30 Feudal Age
12:14 Loom
17:25 Castle Age
16:31 Double-Bit Axe
18:24 Bow Saw
23:30 Horse Collar
24:16 Heavy Plow
31:22 Wheelbarrow
30:28 Light Cavalry
32:18 Hand Cart
AOKI_Thanouille
5:35 Loom
12:40 Feudal Age
16:26 Castle Age
14:37 Double-Bit Axe
14:58 Gold Mining
17:29 Bow Saw
19:39 Horse Collar
23:00 Sanctity
24:05 Heavy Plow
26:02 Wheelbarrow
26:35 Scale Mail Armor
31:11 Imperial Age
29:35 Gold Shaft Mining
30:04 Scale Barding Armor
30:30 Scale Mail Armor
30:53 Chain Barding Armor
31:18 Hand Cart
31:09 Stone Mining
31:55 Forging
33:04 Plate Barding Armor
33:09 Husbandry
35:26 Iron Casting
35:36 Conscription
35:18 Fletching
36:19 Bodkin Arrow
37:13 Greek Fire
37:35 Logistica
38:00 Elite Cataphract
39:59 Crop Rotation
40:05 Stone Shaft Mining
AOKI_GworK
9:47 Loom
12:25 Feudal Age
16:35 Castle Age
15:37 Double-Bit Axe
17:57 Bow Saw
17:54 Scale Barding Armor
17:42 Gold Mining
18:14 Town Watch
18:55 Chain Barding Armor
18:28 Horse Collar
19:39 Heavy Plow
21:32 Wheelbarrow
26:55 Husbandry
27:08 Bloodlines
27:48 Forging
28:45 Stone Mining
30:29 Hand Cart
31:39 Fletching
32:26 Gold Shaft Mining
32:27 Stone Shaft Mining
34:20 Bodkin Arrow
34:49 Ballistics
37:08 Imperial Age
35:09 Thumb Ring
35:51 Padded Archer Armor
37:33 Heavy Cavalry Archer
38:21 Bracer
39:24 Chemistry
37:56 Capped Ram
40:17 Crop Rotation
40:15 Parthian Tactics
39:13 Siege Ram
AOKI_Nyusika
4:13 Loom
13:38 Feudal Age
17:49 Castle Age
24:34 Fletching
26:10 Double-Bit Axe
28:31 Bow Saw
28:48 Horse Collar
31:18 Padded Archer Armor
31:20 Bodkin Arrow
35:50 Stone Mining
39:50 Leather Archer Armor
AOKI_Yo
13:11 Feudal Age
17:11 Castle Age
15:00 Double-Bit Axe
16:16 Scale Barding Armor
16:45 Fishing Lines
17:18 Light Cavalry
20:47 Wheelbarrow
19:58 Loom
23:08 Gillnets
24:00 Husbandry
25:23 Chain Barding Armor
28:15 Hand Cart
29:08 Gold Mining
30:50 Bow Saw
35:05 Imperial Age
33:12 Forging
33:17 Stone Mining
34:37 Town Watch
35:07 Cavalier
36:31 Plate Barding Armor
37:19 Chemistry
36:31 Masonry
36:46 Conscription
37:49 Iron Casting
38:08 Hoardings
38:08 Paladin
40:58 Blast Furnace
Connection lost

Rejoining the realm…

Still unreachable

The connection could not be restored.

Session expired

The server has moved on; the page needs a fresh start.